[Event "*** Titled Tuesday Blitz"]
[Site "Chess.com"]
[Date "2020.11.10"]
[Round "11"]
[White "ehrenfeld"]
[Black "Chessdude1987"]
[Result "0-1"]
[WhiteElo "2451"]
[BlackElo "2305"]
[TimeControl "180+1"]
[EndTime "12:13:04 PST"]
[Termination "Chessdude1987 won on time"]

1. e4 e6 2. d4 d5 3. e5 c5 4. c3 Nc6 5. Nf3 Qb6 6. a3 f6 7. Bd3 fxe5 8. dxe5 c4 9. Bc2 Nh6 10. O-O Nf7 11. b4 cxb3 12. Bxb3 Nfxe5 13. Nxe5 Nxe5 14. Re1 Bd6 15. Bf4 O-O 16. Bg3 Nf7 17. Nd2 Bxg3 18. hxg3 Bd7 19. Rb1 Qc5 20. Re3 Qxa3 21. Bc2 b6 22.
Qh5 Nh6 23. Nf3 Be8 24. Qe5 Rf6 25. Qd4 Qc5 26. Qh4 Nf5 27. Bxf5 Rxf5 28. Rbe1 Bg6 29. Nd4 Rh5 30. Qg4 Re8 31. Rxe6 Rf8 32. Re7 Qxc3 33.
Qe6+ Bf7 34. Qg4 Rh6 35. Nf5 Rg6 36. Qf4 Qf6 37. g4 Rg5 38. f3 g6 39. Nh6+ Kg7 40.
Rxf7+ Rxf7 41. Qxf6+ Rxf6 0-1

[Event "*** Titled Tuesday Blitz"]
[Site "Chess.com"]
[Date "2020.11.10"]
[Round "11"]
[White "dpopadic"]
[Black "geordie_derraugh"]
[Result "0-1"]
[WhiteElo "2354"]
[BlackElo "2474"]
[TimeControl "180+1"]
[EndTime "12:13:05 PST"]
[Termination "geordie_derraugh won on time"]

1. e4 c5 2. Nc3 e6 3. d3 Nc6 4. g4 d5 5. Bg2 d4 6. Nce2 h5 7.
g5 h4 8. Nh3 e5 9. O-O Be7 10.
f4 exf4 11. Nexf4 Ne5 12. Nd5 Bg4 13. Qe1 Qd7 14. Nf2 Nf3+ 15. Bxf3 Bxf3 16. Bf4 Rc8 17. h3 Rh5 18. Qd2 f6 19. gxf6 Nxf6 20. Nxf6+ Bxf6 21. Rae1 g5 22. Bh2 Qe6 23. e5 Be7 24.
c3 g4 25. hxg4 Rg5 26. Re4 Bxe4 27. dxe4 dxc3 28. bxc3 Rd8 29. Qe2 Kd7 30. Bf4 Rg7 31. Kh2 Rdg8 32. Kh3 Kc8 33. Rg1 Bd8 34. Qb5 Qb6 35. Qc4 Qc7 36. a4 Rf8 37. Nd3 Rgf7 0-1

[Event "*** Titled Tuesday Blitz"]
[Site "Chess.com"]
[Date "2020.11.10"]
[Round "11"]
[White "SanchezKelvin"]
[Black "Fortitudine"]
[Result "1/2-1/2"]
[WhiteElo "2450"]
[BlackElo "2315"]
[TimeControl "180+1"]
[EndTime "12:13:05 PST"]
[Termination "Game drawn by repetition"]

1. d4 Nf6 2. c4 c5 3. d5 b5 4.
cxb5 a6 5. bxa6 g6 6. Nc3 Bg7 7.
e4 O-O 8. e5 Ne8 9. Nf3 d6 10. e6 Nc7 11. exf7+ Rxf7 12. Be2 Bxa6 13. O-O Qc8 14. Re1 Bxe2 15. Rxe2 h6 16. Qc2 Qf5 17. Qxf5 gxf5 18. Bd2 Nd7 19. Rae1 Bf8 20. a3 Nb6 21. Bc1 Nbxd5 22. Nxd5 Nxd5 23. Re6 Nc7 24. Rg6+ Kh7 25. Rg3 e5 26. Rh3 Ne6 27. Nd2 Nf4 28.
Rb3 Be7 29. Nc4 Ne6 30. Rb7 Ra6 31. Rd1 Nd4 32. b4 cxb4 33. axb4 Rc6 34. Ne3 Rxc1 35. Rxc1 Ne2+ 36. Kf1 Nxc1 37. Nd5 Nd3 38. b5 Nc5 39. Rxe7 Rxe7 40. Nxe7 f4 41. Nf5 Nb7 42. f3 Kg6 43. Ne7+ Kf7 44. Nd5 Ke6 45. Nc7+ Kd7 46. Nd5 Ke6 47. Nc7+ Kd7 48. Nd5 Ke6 1/2-1/2

[Event "*** Titled Tuesday Blitz"]
[Site "Chess.com"]
[Date "2020.11.10"]
[Round "11"]
[White "mbojan"]
[Black "TigrVShlyape"]
[Result "0-1"]
[WhiteElo "2683"]
[BlackElo "2856"]
[TimeControl "180+1"]
[EndTime "12:13:06 PST"]
[Termination "TigrVShlyape won by resignation"]

1. g3 Nf6 2. Bg2 g6 3. d3 Bg7 4. e4 d6 5. Nd2 c5 6. Nh3 Nc6 7. O-O e5 8. c3 h5 9. f3 Bxh3 10. Bxh3 h4 11. Kg2 hxg3 12. hxg3 Nh5 13. Rh1 b5 14. Nf1 Kf8 15. Bg4 Nf6 16. Rxh8+ Bxh8 17. Bh3 Bg7 18. Bg5 Ne7 19. Ne3 Rb8 20. Qd2 b4 21. c4 Nh7 22. Bxe7+ Qxe7 23. Nd5 Qg5 24. Qxg5 Nxg5 25.
Bd7 Ne6 26. Bxe6 fxe6 27. Ne3 Bh6 28. Ng4 Bg5 29. Rf1 Kg7 30. f4 exf4 31. gxf4 Bf6 32.
b3 Bd4 33. Nh2 Rf8 34. Kg3 Be3 35. Rf3 Bd2 36. Rf2 Be1 37. Ng4 Bxf2+ 38. Nxf2 Rh8 39. Nh3 Kf6 40. Nf2 e5 41. fxe5+ Kxe5 42. Nh3 Kd4 43. Nf4 g5 44. Ne6+ Kxd3 45. Nxg5 Kc2 46. Nf7 Re8 47.
Kf4 Rf8 0-1

[Event "*** Titled Tuesday Blitz"]
[Site "Chess.com"]
[Date "2020.11.10"]
[Round "11"]
[White "Igor_Lysyj"]
[Black "Ermito2020"]
[Result "1/2-1/2"]
[WhiteElo "2810"]
[BlackElo "2616"]
[TimeControl "180+1"]
[EndTime "12:13:06 PST"]
[Termination "Game drawn - insufficient material"]

1. d4 e6 2. c4 f5 3. Nf3 Nf6 4. g3 Be7 5. Bg2 O-O 6. O-O d5 7. Bf4 c6 8. Qc2 Ne4 9. Nc3 Nd7 10. Rad1 Qe8 11. Nxe4 fxe4 12. Ne5 Nf6 13. f3 exf3 14. exf3 Nh5 15. Bc1 Bd6 16. Rfe1 Qe7 17. c5 Bc7 18. g4 Nf4 19. Bxf4 Rxf4 20. Qf2 Bd7 21. Qe3 Raf8 22. Nxd7 Qxd7 23. Qxe6+ Qxe6 24. Rxe6 Bd8 25. Re3 Bf6 26. Red3 Re8 27. Kf1 Kf7 28. b4 g5 29. a4 a6 30. Kf2 Kg6 31. Bf1 h5 32. gxh5+ Kxh5 33. Bh3 Kg6 34. Bg4 Rh8 35. h3 Re8 36. Kf1 Rh8 37.
b5 axb5 38. axb5 Rh7 39. Re1 Re7 40. Rxe7 Bxe7 41. Bc8 cxb5 42. Bxb7 Bf6 43. c6 Bd8 44. Bc8 Kf6 45. Re3 Rxd4 46. Re6+ Kf7 47. Rd6 Bb6 48.
c7 Bxc7 49. Rd7+ Kf6 50. Rxc7 Rc4 51. Rxc4 dxc4 52. Ba6 c3 53. Ke2 b4 54. Kd3 Ke5 55. Bc8 Kf4 56. Bg4 Kg3 57. Kc2 Kf4 58. Kb3 Kg3 59. Bf5 Kxf3 60. Kxb4 Kf4 61. Bc2 Kg3 62. Kxc3 Kxh3 63. Bf5+ Kg3 64. Kd4 Kf4 65. Bc8 g4 66. Bxg4 1/2-1/2

[Event "*** Titled Tuesday Blitz"]
[Site "Chess.com"]
[Date "2020.11.10"]
[Round "11"]
[White "PIwan"]
[Black "Margency"]
[Result "1-0"]
[WhiteElo "2554"]
[BlackElo "2673"]
[TimeControl "180+1"]
[EndTime "12:13:06 PST"]
[Termination "PIwan won by checkmate"]

1. c4 Nf6 2. Nc3 g6 3. e4 d6 4. d4 Bg7 5. f3 a6 6. Bg5 c6 7.
Qd2 b5 8. O-O-O Nbd7 9. e5 b4 10.
Nce2 dxe5 11. dxe5 Ng8 12. f4 Qa5 13. Kb1 h6 14. Bh4 g5 15. fxg5 hxg5 16. Bxg5 Qxe5 17. Nf3 Qf5+ 18. Ka1 Ngf6 19. Ng3 Qa5 20. Bd3 Nc5 21. Bc2 Be6 22. Rhe1 Bxc4 23. Rxe7+ Kf8 24. a3 Nd5 25. Re5 Rb8 26. Nf5 Qb6 27. Rxd5 Bxd5 28. Be7+ Kg8 29. Nxg7 bxa3 30. Bf6 axb2+ 31. Kb1 Ba2+ 32. Kxa2 Qb5 33. Kb1 Qc4 34. Nf5 Qa4 35. Qg5+ Kf8 36. Qg7+ Ke8 37. Nd6+ Kd7 38. Qxf7# 1-0

[Event "*** Titled Tuesday Blitz"]
[Site "Chess.com"]
[Date "2020.11.10"]
[Round "11"]
[White "arminmusovic"]
[Black "InitiatingASC"]
[Result "0-1"]
[WhiteElo "2545"]
[BlackElo "2434"]
[TimeControl "180+1"]
[EndTime "12:13:06 PST"]
[Termination "InitiatingASC won on time"]

1. a3 Nf6 2. Nc3 g6 3. e4 d6 4. d4 Bg7 5. Bg5 Nbd7 6. f4 O-O 7. Nf3 a6 8. e5 Ne8 9. Bh4 c6 10. Bd3 b5 11. O-O Bb7 12. Qe2 Nb6 13. Rae1 dxe5 14.
fxe5 Nc7 15. Ne4 Ne6 16. c3 Nf4 17. Qe3 Nxd3 18. Qxd3 Nc4 19. Nc5 Bc8 20. b3 Bf5 21. Qe2 Nb6 22. h3 Nd5 23. Qd2 h5 24. Ng5 Bh6 25. Rxf5 gxf5 26. Qd3 e6 27. Nf3 Nf4 28. Qd1 Qd5 29. Qc2 Nxh3+ 30. Kh2 Nf4 31. Qf2 Kh7 32. Bg5 Ng6 33. Bxh6 Kxh6 34. Qd2+ Kg7 35. Qg5 Qd8 36. Qf6+ Qxf6 37. exf6+ Kxf6 38. Nd7+ Ke7 39. Nxf8 Rxf8 40. g3 Rh8 41. Kg2 h4 42. c4 hxg3 43. Kxg3 Kd6 44. Rg1 Ne7 45. Ng5 Rg8 46. Kf4 f6 47.
Nf7+ Kd7 0-1

[Event "*** Titled Tuesday Blitz"]
[Site "Chess.com"]
[Date "2020.11.10"]
[Round "11"]
[White "LiamVrolijk"]
[Black "Vuk2000"]
[Result "1/2-1/2"]
[WhiteElo "2815"]
[BlackElo "2706"]
[TimeControl "180+1"]
[EndTime "12:13:08 PST"]
[Termination "Game drawn - insufficient material"]

1. Nf3 Nf6 2. c4 e6 3. d4 b6 4.
g3 Ba6 5. b3 Bb4+ 6. Bd2 Be7 7.
Nc3 d5 8. cxd5 exd5 9. Bg2 O-O 10. O-O Re8 11. Bf4 Bb7 12. a3 Na6 13. b4 c6 14. Rc1 Nc7 15. Qb3 Ne6 16. Be5 a5 17.
Rfd1 axb4 18. axb4 b5 19. Bxf6 Bxf6 20. e4 Qb6 21. exd5 cxd5 22. Nxd5 Bxd5 23. Qxd5 Rad8 24. Qc6 Qxc6 25. Rxc6 Nxd4 26. Nxd4 Rxd4 27. Rxd4 Bxd4 28. Bf1 g6 29. Bxb5 Rb8 30. Bc4 Rxb4 31. Rc7 Bb6 32. Bxf7+ Kf8 33. Rd7 Rb2 34. Bc4 Rxf2 35. Kh1 Rc2 36. Bb3 Rc7 37. Rd6 Bc5 38. Rd2 Kg7 39. Kg2 Bb6 40. Bd5 Re7 41. Bf3 Rf7 42. h4 Be3 43. Rd3 Bb6 44. Rd5 Rc7 45. h5 gxh5 46. Rxh5 Rc5 47. Rh4 Rg5 48. Be4 h6 49. Rf4 Bc7 50. Rf3 Rxg3+ 51. Rxg3+ Bxg3 52. Kxg3 h5 53. Kh4 Kh6 54. Bh7 Kg7 55. Kxh5 1/2-1/2

[Event "*** Titled Tuesday Blitz"]
[Site "Chess.com"]
[Date "2020.11.10"]
[Round "11"]
[White "elamier"]
[Black "LubovMarkelova"]
[Result "1-0"]
[WhiteElo "2335"]
[BlackElo "2211"]
[TimeControl "180+1"]
[EndTime "12:13:09 PST"]
[Termination "elamier won by checkmate"]

1. e4 e6 2. d4 d5 3. e5 c5 4. c3 Qb6 5. a3 Nc6 6. Nf3 Nh6 7. b4 cxd4 8. Bxh6 gxh6 9. cxd4 Rg8 10. g3 Bd7 11.
Nc3 Nxb4 12. Be2 Nc6 13. O-O Be7 14. Qd3 Rg6 15. Rfb1 Qc7 16. Nb5 Qc8 17. Qd2 a6 18. Nc3 Na5 19. Bd3 Nc4 20. Qe2 Rg4 21. Rc1 b5 22. a4 h5 23. Nd2 Rxd4 24. Nb3 Rxd3 25. Qxd3 b4 26. Ne2 Qb7 27. Qxh7 Nxe5 28. Qh8+ Bf8 29.
Qxe5 Rc8 30. Rxc8+ Qxc8 31. Rc1 Qb7 32. Ned4 Bxa4 33.
Rc7 Qb6 34. Nf5 Bxb3 35. Rc8+ Kd7 36. Rxf8 Qc5 37. Rxf7+ Kc6 38. Qxe6+ Kb5 39. Rb7+ Ka4 40. Ne3 Qc1+ 41. Kg2 d4 42. Qxa6# 1-0

[Event "*** Titled Tuesday Blitz"]
[Site "Chess.com"]
[Date "2020.11.10"]
[Round "11"]
[White "IMRosen"]
[Black "VMikhalevski"]
[Result "0-1"]
[WhiteElo "2575"]
[BlackElo "2728"]
[TimeControl "180+1"]
[EndTime "12:13:10 PST"]
[Termination "VMikhalevski won by checkmate"]

1. d4 Nf6 2. Bf4 d5 3. e3 Bg4 4.
Nf3 e6 5. c3 c6 6. Nbd2 Nbd7 7. Qb3 Qb6 8. c4 Bb4 9. a3 Ba5 10. Qxb6 axb6 11. h3 Bxf3 12. gxf3 dxc4 13. Bxc4 b5 14. Bd3 Nb6 15. Ke2 Na4 16. Rab1 Nd5 17.
Bg3 Ke7 18. Rhc1 Rhd8 19. Ne4 f5 20. Bh4+ Ke8 21. Bxd8 Rxd8 22. Nc5 Nxc5 23. dxc5 Kf7 24. b4 Bc7 25. Rb3 Be5 26. f4 Bf6 27. Kf3 h6 28. Rd1 Nc3 29. Rd2 g5 30. fxg5 hxg5 31. Rbb2 Ra8 32.
Rbc2 Rxa3 33. Bf1 Nd5 34. Rc1 Ke7 35. Rb1 Bc3 36. Rc2 Bxb4 37. Kg3 f4+ 38. Kg4 fxe3 39. Kxg5 exf2 40. Rxf2 Bxc5 41. Rc2 Be3+ 42. Kg6 Ra8 43. Kg7 Bd4+ 44. Kg6 Rg8+ 45. Kh5 Nf4+ 46. Kh6 Rh8+ 47. Kg5 Nd5 48. h4 Rg8+ 49. Kh6 Be3+ 50. Kh7 Nf6# 0-1

[Event "*** Titled Tuesday Blitz"]
[Site "Chess.com"]
[Date "2020.11.10"]
[Round "11"]
[White "LittleMyMoomin"]
[Black "annacramling"]
[Result "0-1"]
[WhiteElo "1852"]
[BlackElo "2022"]
[TimeControl "180+1"]
[EndTime "12:13:10 PST"]
[Termination "annacramling won on time"]

1. d4 Nf6 2. g3 d5 3. Nf3 c5 4. Bg2 Nc6 5. O-O cxd4 6. Nxd4 e5 7. Nb3 Be7 8. c4 dxc4 9. N3d2 Be6 10. a3 O-O 11.
Qc2 Nd4 12. Qd1 Qc7 13. Nc3 Rfd8 14. Qa4 a6 15. e3 b5 16. Qd1 Nc6 17. Qe2 Rac8 18.
Nde4 Nxe4 19. Nxe4 f5 20. Nc3 e4 21. h3 Ne5 22. Kh1 Nd3 23. Rd1 Bf6 24. Kg1 Nc5 25. g4 Nb3 26. gxf5 Bxf5 27. Rb1 Rxd1+ 28. Qxd1 Rd8 29.
Qc2 Nc5 30. b4 Nd3 31. Bb2 Bg6 32. Ba1 Qe5 33. Nxe4 Qf5 34. Nxf6+ gxf6 35. Rf1 Qg5 36. Qe2 Ne5 37. f4 Qh5 38. Qf2 Nd3 0-1

[Event "*** Titled Tuesday Blitz"]
[Site "Chess.com"]
[Date "2020.11.10"]
[Round "11"]
[White "Witik"]
[Black "shnitez"]
[Result "1-0"]
[WhiteElo "2665"]
[BlackElo "2524"]
[TimeControl "180+1"]
[EndTime "12:13:11 PST"]
[Termination "Witik won on time"]

1. g4 d5 2. Bg2 c6 3. g5 e5 4. d4 Bd6 5. dxe5 Bxe5 6. Nf3 Bd6 7. c4 dxc4 8. Nbd2 Bb4 9. O-O Be6 10. Qc2 b5 11. Ne4 Ne7 12. a3 Bd6 13. Rd1 Bd5 14. Nxd6+ Qxd6 15. e4 Qg6 16. Ne5 Qe6 17. Bf4 O-O 18.
exd5 Nxd5 19. Bg3 Nd7 20. Nxc6 N7b6 21. Rxd5 Qxc6 22. Rd6 Qc5 23. Bxa8 Nxa8 24. Rad1 Qxg5 25. a4 bxa4 26. Qxa4 Nb6 27. Qxa7 Nc8 28. Qe3 Qxe3 29. fxe3 Nxd6 30. Rxd6 Rc8 31. Be5 h6 32. Kf2 f6 33.
Bc3 Kf7 34. e4 Ke7 35. Rb6 Kf7 36. Ke3 Rd8 37. Rc6 Rd3+ 38. Ke2 Rh3 39. Rxc4 Rxh2+ 40. Ke3 h5 41. b4 h4 42. Kf3 Rh3+ 43. Kg2 Rd3 44.
b5 1-0

[Event "*** Titled Tuesday Blitz"]
[Site "Chess.com"]
[Date "2020.11.10"]
[Round "11"]
[White "karwowskikacper"]
[Black "nitpicker"]
[Result "0-1"]
[WhiteElo "2420"]
[BlackElo "2263"]
[TimeControl "180+1"]
[EndTime "12:13:11 PST"]
[Termination "nitpicker won on time"]

1. e4 d5 2. exd5 Qxd5 3. Nc3 Qd8 4. g3 g6 5. Bg2 c6 6. Nge2 Bg7 7. O-O e5 8. d3 Ne7 9. f4 Nd7 10. Kh1 O-O 11.
fxe5 Nxe5 12. Bf4 Be6 13. Qd2 Nd5 14. Nxd5 Bxd5 15. Nc3 Bxg2+ 16. Kxg2 Re8 17. h3 Qd4 18. Rae1 Rad8 19. Qf2 Qxf2+ 20. Rxf2 Nd7 21. Rfe2 Rxe2+ 22. Rxe2 Bf6 23. Bh6 Nb6 24. h4 Bg7 25. Bxg7 Kxg7 26. Re7 Rd7 27. Re8 Nd5 28. Kf3 Nxc3 29. bxc3 h5 30.
Ke4 Kf6 31. Rb8 b6 32. a4 Ke6 33. Rc8 Kd6 34. d4 Re7+ 35. Kf3 Kd7 36. Ra8 Kd6 37.
c4 Rd7 38. Re8 Re7 39. Rd8+ Rd7 40. Rf8 Re7 41. c3 Ke6 42. Kf4 Kf6 43. Rc8 Re6 44.
Rc7 a5 0-1

[Event "*** Titled Tuesday Blitz"]
[Site "Chess.com"]
[Date "2020.11.10"]
[Round "11"]
[White "DishonorOnYourCow"]
[Black "AlexandraBotez"]
[Result "1-0"]
[WhiteElo "2397"]
[BlackElo "2134"]
[TimeControl "180+1"]
[EndTime "12:13:11 PST"]
[Termination "DishonorOnYourCow won on time"]

1. d4 Nf6 2. c4 g6 3. Nc3 Bg7 4. e4 d6 5. f4 O-O 6. Nf3 c5 7.
d5 e6 8. dxe6 Bxe6 9. Bd3 Re8 10.
O-O Bg4 11. h3 Bxf3 12. Qxf3 Nc6 13. Be3 Qd7 14. Rad1 b6 15. Qf2 Rad8 16. Bc2 Qe7 17.
Rfe1 Nb4 18. Ba4 Rf8 19. a3 Na6 20. Bc1 Nc7 21. Nd5 Nfxd5 22. exd5 Qf6 23. Qf3 a6 24. Bc6 Rb8 25. Re2 b5 26. cxb5 Nxb5 27. Bxb5 Rxb5 28. Rde1 h5 29. Re8 Qd4+ 30. Kh2 c4 31. Rxf8+ Kxf8 32. Rd1 Qf6 33. Qe4 c3 34. Re1 Rb8 35. bxc3 Qxc3 36.
Qe7+ Kg8 37. Qe2 Rb3 38. Bd2 Qg3+ 39. Kh1 Rxa3 40. Bb4 Rb3 41. Bxd6 Rb2 42. Qe8+ Kh7 43. Rg1 Rc2 44. Qxf7 Qh4 45. Bf8 1-0

[Event "*** Titled Tuesday Blitz"]
[Site "Chess.com"]
[Date "2020.11.10"]
[Round "11"]
[White "esapunov"]
[Black "FMKonstantin_Twitch"]
[Result "0-1"]
[WhiteElo "2704"]
[BlackElo "2588"]
[TimeControl "180+1"]
[EndTime "12:13:12 PST"]
[Termination "FMKonstantin_Twitch won by resignation"]

1. c4 Nf6 2. Nf3 e6 3. Nc3 b6 4.
e4 d6 5. d4 Bb7 6. Bd3 Nbd7 7.
O-O Be7 8. Re1 O-O 9. Rb1 e5 10. d5 a5 11. a3 Nc5 12. Bc2 Re8 13. b4 axb4 14. axb4 Ncd7 15. Ba4 Ba6 16. Bc6 Rb8 17. Qb3 Bb7 18. h3 Bxc6 19. dxc6 Nf8 20. Be3 h6 21. Red1 Ne6 22. Ra1 Qc8 23. Ra7 Nh5 24. g3 Nef4 25.
gxf4 exf4 26. Bd4 Qxh3 27. Ne2 Bd8 28. Qd3 Qg4+ 29. Kf1 g5 30. Nfg1 Ng7 31. f3 Qh5 32. Bxg7 Kxg7 33. Rda1 Kg8 34. Rb7 Rc8 35. Raa7 Qh2 36.
Qd4 h5 37. Qf2 Qh1 38. Nd4 g4 39. Nf5 gxf3 40. Qxf3 Qxf3+ 41. Nxf3 Rxe4 42. N3d4 h4 43. Kg2 Bf6 44. Kf3 Rce8 45. Nh6+ Kg7 46. Ndf5+ Kg6 47. Rxc7 Rxc4 48. Rxf7 Rxc6 49. b5 Rc3+ 50. Kg4 Rg8 51. Kxf4 Bg5+ 52. Ke4 Bxh6 53. Rad7 Re8+ 54. Kd5 Rc5+ 55.
Kxd6 Rxf5 56. Rxf5 Kxf5 57. Kc6 Be3 58. Rh7 Kg4 0-1

[Event "*** Titled Tuesday Blitz"]
[Site "Chess.com"]
[Date "2020.11.10"]
[Round "11"]
[White "BanjoKazooieN64"]
[Black "B-man"]
[Result "0-1"]
[WhiteElo "2392"]
[BlackElo "2548"]
[TimeControl "180+1"]
[EndTime "12:13:14 PST"]
[Termination "B-man won by resignation"]

1. e4 c6 2. Nc3 g6 3. h4 h5 4. d4 Bg7 5. Bg5 Qb6 6. Nf3 Qxb2 7. Bd2 Qb6 8. e5 Nh6 9. Bc4 d5 10. exd6 exd6 11. Qe2+ Kf8 12. O-O Bg4 13. Rfe1 Qd8 14. Bg5 f6 15. Bf4 d5 16. Bd3 Nf5 17. Qe6 Ne7 18.
Qe3 Kf7 19. Nh2 Bc8 20. Qg3 Bf5 21. Bd6 Re8 22. Re3 Bxd3 23. Bxe7 Rxe7 24. Rxd3 Na6 25.
Nd1 Qc7 26. f4 Rae8 27. Nf3 Nb4 28. Rd2 a5 29. a3 Na6 30. Nf2 Qd7 31. Nd3 Qf5 32.
Rb1 b5 33. Rdd1 a4 34. Nf2 Nc7 35. Ne1 Ne6 36. Ned3 Nxd4 37. Nc5 Ne2+ 38. Kh2 Nxg3 39. Kxg3 Bh6 40. Ncd3 Re3+ 41. Kh2 Bxf4+ 42. Nxf4 Qxf4+ 43. Kg1 Qxh4 44. Rf1 Qg5 45. Nh3 Rxh3 0-1

[Event "*** Titled Tuesday Blitz"]
[Site "Chess.com"]
[Date "2020.11.10"]
[Round "11"]
[White "swimmerchess"]
[Black "Natalya_Buksa"]
[Result "0-1"]
[WhiteElo "2797"]
[BlackElo "2588"]
[TimeControl "180+1"]
[EndTime "12:13:17 PST"]
[Termination "Natalya_Buksa won by resignation"]

1. e4 c5 2. Nf3 Nc6 3. Nc3 e5 4. Bc4 Be7 5. d3 d6 6. O-O Nf6 7. Ng5 O-O 8. f4 Bg4 9. Qe1 h6 10. Nf3 Nd4 11. fxe5 Bxf3 12. exf6 Bxf6 13. gxf3 Nxc2 14.
Qd1 Nxa1 15. Be3 Bd4 16. Bxd4 cxd4 17. Ne2 a6 18. Qxa1 b5 19. Bd5 Rc8 20. Nxd4 Qb6 21.
b4 Rc2 22. Kh1 Rfc8 23. Nf5 R8c3 24. Qe1 Rc1 25. Qxc1 Rxc1 26. Rxc1 Qf2 27. e5 dxe5 28. Be4 g6 29. Nxh6+ Kg7 30. Ng4 Qd2 31. Rg1 Qxb4 32. Nxe5 Qb2 33. f4 Qxa2 34. f5 Qb2 35. Nf3 a5 36. fxg6 fxg6 37. Rxg6+ Kf8 38. Ra6 a4 39. h4 a3 40. Bd5 b4 41. h5 b3 42.
Nd4 Qxd4 43. Bxb3 Qxd3 44. Ra8+ Kg7 45. Ra7+ Kh6 46. Bf7 Qf1+ 0-1

[Event "*** Titled Tuesday Blitz"]
[Site "Chess.com"]
[Date "2020.11.10"]
[Round "11"]
[White "XDPS"]
[Black "pastouche06"]
[Result "1-0"]
[WhiteElo "2770"]
[BlackElo "2523"]
[TimeControl "180+1"]
[EndTime "12:13:17 PST"]
[Termination "XDPS won by resignation"]

1. d4 d5 2. Bf4 Nf6 3. e3 e6 4. Nf3 Bd6 5. Nbd2 O-O 6. c3 b6 7. Bd3 Ba6 8. Bc2 c5 9. Ne5 Qc7 10. Qf3 Nbd7 11. Qg3 Nh5 12. Qh3 g6 13. Nxd7 Qxd7 14.
Bh6 Rfe8 15. Nf3 cxd4 16. exd4 Bf4 17. Bxf4 Nxf4 18. Qg4 Nd3+ 19. Bxd3 Bxd3 20. Ne5 Qb5 21. O-O-O Bf5 22. Qf4 f6 23. Ng4 Bxg4 24. Qxg4 e5 25. dxe5 fxe5 26. h4 Rad8 27. h5 Qd7 28. Qg3 Qf5 29.
hxg6 hxg6 30. Qh4 Qf4+ 31. Qxf4 exf4 32. Rd2 Re5 33. Kd1 Kf7 34. Rh7+ Ke6 35. Rxa7 Rh8 36. Ra6 Rh1+ 37. Kc2 Rg1 38. Rxb6+ Kf5 39. f3 g5 40.
a4 g4 41. fxg4+ Kxg4 42. a5 d4 43. cxd4 Rxa5 44. d5 Raa1 45. d6 Rac1+ 46. Kd3 Rc8 47. d7 Rd8 48. Kc2 Re1 49. Rc6 Re7 50. Rcd6 f3 51.
gxf3+ Kxf3 52. b4 1-0

[Event "*** Titled Tuesday Blitz"]
[Site "Chess.com"]
[Date "2020.11.10"]
[Round "11"]
[White "eCztery"]
[Black "Piotrek1979"]
[Result "1-0"]
[WhiteElo "2331"]
[BlackElo "2443"]
[TimeControl "180+1"]
[EndTime "12:13:17 PST"]
[Termination "eCztery won on time"]

1. e4 Nc6 2. d4 d5 3. exd5 Qxd5 4.
Nf3 Bg4 5. Be2 O-O-O 6. c4 Qh5 7. Be3 e5 8. d5 e4 9. Nd4 Bxe2 10. Qxe2 Qxe2+ 11. Kxe2 Ne5 12. Nd2 Nf6 13. Rhc1 Bb4 14. a3 Bxd2 15.
Bxd2 Rhe8 16. Nf5 Nd3 17. Nxg7 Nxc1+ 18. Rxc1 Rg8 19. Bc3 Nd7 20. g3 Nc5 21. Nf5 Rde8 22. Rd1 h5 23. d6 Rg5 24. Ne7+ Kd7 25. dxc7+ Kxe7 26. Rd8 Rxd8 27. Bf6+ Kxf6 28. cxd8=Q+ Kg6 29. h4 Rf5 30. Ke3 Ne6 31. Qg8+ Kf6 32. Kxe4 Rxf2 33. Qh8+ Ke7 34. Qxh5 Rxb2 35. Qa5 a6 36. h5 b6 37. Qd5 Rb3 38. h6 Rxg3 39. Qe5 Rg4+ 40. Kd5 Rg5 41.
h7 Rxe5+ 42. Kxe5 f6+ 43. Kf5 1-0

[Event "*** Titled Tuesday Blitz"]
[Site "Chess.com"]
[Date "2020.11.10"]
[Round "11"]
[White "Tashik"]
[Black "The_Machine04"]
[Result "0-1"]
[WhiteElo "2435"]
[BlackElo "2298"]
[TimeControl "180+1"]
[EndTime "12:13:17 PST"]
[Termination "The_Machine04 won on time"]

1. c4 d6 2. d4 e5 3. Nf3 e4 4. Ng5 f5 5. Nc3 Be7 6. Nh3 Nf6 7. g3 O-O 8. Bg2 Na6 9. O-O c6 10. d5 c5 11. f3 exf3 12. Rxf3 Nc7 13. Nf4 Nd7 14.
Nd3 Ne5 15. Nxe5 dxe5 16. e4 Ne8 17. exf5 Bxf5 18. Be3 b6 19. Ne4 Bxe4 20. Rxf8+ Bxf8 21. Bxe4 Nd6 22. Qd3 g6 23. Rf1 Bg7 24. b3 Qd7 25.
Bg2 Rf8 26. Rxf8+ Kxf8 27. Qf1+ Qf5 28. Bg5 Qxf1+ 29. Kxf1 Ke8 30. Ke2 h6 31. Bd2 Kf7 32. Kd3 h5 33. a3 a5 34. b4 axb4 35. axb4 Bf8 36. bxc5 bxc5 37. Bc3 Kf6 38. Be4 Be7 39. h3 g5 40. Bf3 h4 41. gxh4 gxh4 42. Bg4 Bf8 0-1

[Event "*** Titled Tuesday Blitz"]
[Site "Chess.com"]
[Date "2020.11.10"]
[Round "11"]
[White "Nils_03"]
[Black "JoachimMouhamad"]
[Result "0-1"]
[WhiteElo "2243"]
[BlackElo "2339"]
[TimeControl "180+1"]
[EndTime "12:13:18 PST"]
[Termination "JoachimMouhamad won by resignation"]

1. Nf3 Nf6 2. b3 g6 3. Bb2 Bg7 4. g3 O-O 5. Bg2 d5 6. O-O c5 7. d4 Nc6 8. dxc5 Qa5 9. Nbd2 Qxc5 10. c4 d4 11. a3 a5 12. b4 axb4 13. axb4 Rxa1 14. Qxa1 Qxb4 15. Ba3 Qa4 16. Bb2 Qxa1 17. Rxa1 e5 18. e3 dxe3 19. fxe3 Bh6 20. Nf1 Ng4 21. Ra3 Re8 22. h3 Nf6 23. Ra8 Nd7 24. g4 Nb6 25.
Ra1 Nxc4 26. Bc3 Nxe3 27. Ra8 Nxg2 28. Kxg2 Bf4 29. N1d2 Bd7 30. Ra4 b5 31. Ra1 b4 32.
Bb2 e4 33. Nxe4 Rxe4 34. Rd1 Re2+ 35. Kg1 Rxb2 36. Rxd7 b3 37. g5 Rb1+ 38. Kg2 b2 39. Rb7 h6 40. h4 hxg5 41. hxg5 Kg7 42. Rb6 Ne5 43. Nd4 Nd3 44. Rb7 Re1 45. Ne6+ Rxe6 0-1

[Event "*** Titled Tuesday Blitz"]
[Site "Chess.com"]
[Date "2020.11.10"]
[Round "11"]
[White "MPGM"]
[Black "GMTalks_Youtube"]
[Result "1-0"]
[WhiteElo "2487"]
[BlackElo "2612"]
[TimeControl "180+1"]
[EndTime "12:13:19 PST"]
[Termination "MPGM won on time"]

1. d4 d5 2. c4 dxc4 3. e3 e5 4.
Bxc4 Nc6 5. d5 Nce7 6. Nc3 a6 7. a4 Nf6 8. Nge2 Ng6 9. Ng3 Bb4 10. O-O Qe7 11.
e4 O-O 12. Qb3 Bd6 13. a5 Nf4 14. Re1 h6 15. Bf1 Nh7 16. Nce2 Ng5 17. Be3 g6 18. Qc2 h5 19. Nc3 h4 20. Nge2 Qf6 21. Rad1 h3 22.
Nxf4 exf4 23. Bd4 Be5 24. Bxe5 Qxe5 25. f3 Kg7 26. Qf2 f6 27. Qd4 Rd8 28. Qxe5 fxe5 29.
Kf2 hxg2 30. Bxg2 Nf7 31. Na4 Nd6 32. Nc5 Kf6 33. b4 Ke7 34. Rc1 Rh8 35. Rh1 Nb5 36. Nd3 Kd6 37. h4 Nd4 38. Nb2 1-0

[Event "*** Titled Tuesday Blitz"]
[Site "Chess.com"]
[Date "2020.11.10"]
[Round "11"]
[White "Paladin61"]
[Black "Chuchofrio1"]
[Result "1-0"]
[WhiteElo "2513"]
[BlackElo "2310"]
[TimeControl "180+1"]
[EndTime "12:13:19 PST"]
[Termination "Paladin61 won by checkmate"]

1. b3 d5 2. Bb2 c5 3. e3 Nc6 4. Bb5 e6 5. f4 Bd7 6. Nf3 f6 7. Nh4 Nce7 8. Bd3 Kf7 9. Qh5+ g6 10. Nxg6 hxg6 11. Qxh8 Bg7 12. Qh4 Nf5 13. Qf2 Ngh6 14. h3 Nd6 15. Nc3 c4 16. Be2 b5 17. Bf3 b4 18. Ne2 Qc7 19. Rc1 Rh8 20. g4 Ke7 21.
O-O Nhf7 22. Bg2 Ne4 23. Qe1 Qc5 24. Bd4 Qc8 25. d3 Ned6 26. Qxb4 Qc7 27. Qc5 Qb7 28.
Qxa7 Qc6 29. Qc5 Qb7 30. bxc4 Rc8 31. Qa3 Ra8 32. Qb3 Qc8 33. cxd5 Ba4 34. Qc3 Qd7 35.
dxe6 Qxe6 36. Bxa8 g5 37. f5 Qd7 38. Bg2 Bb5 39. Rb1 Nh6 40. Bc5 Ba6 41. Nd4 Bc8 42. Rb6 Nf7 43. Ne6 Bf8 44. Bd4 Nd8 45.
Bxf6+ Kf7 46. Nxd8+ Kg8 47. Bd5+ Kh7 48. e4 Be7 49.
Bxe7 Qxe7 50. Qc5 Nxf5 51. Qxe7+ Nxe7 52. Rf7+ Kh8 53. Rh6+ Kg8 54. Rxe7+ Kf8 55. Rf7+ Ke8 56. Rh8# 1-0